 Dungeon Crawl Stone Soup version 0.25-a0-635-g0c6c292ef3 (webtiles) character file.

Game seed: 12870994269569051861, levelgen mode: deterministic

212 kae the Chopper (level 5, -1/48 HPs)
             Began as a Hill Orc Fighter on Mar 20, 2020.
             Slain by an adder (2 damage)
             ... on level 3 of the Dungeon.
             The game lasted 00:01:24 (2649 turns).

kae the Chopper (Hill Orc Fighter)                  Turns: 2649, Time: 00:01:25

Health: -1/48      AC:  8    Str: 17 (20) XL:     5   Next: 90%
Magic:  5/5        EV:  7    Int:  7 (8)  God:
Gold:   104        SH:  8    Dex:  9 (10) Spells: 4/4 levels left

rFire    + . .     SeeInvis .   a - +0 war axe
rCold    + . .     Gourm    .   c - +0 kite shield
rNeg     . . .     Faith    .   b - +0 scale mail
rPois    +         Spirit   .   (no helmet)
rElec    +         Reflect  .   n - +0 cloak
rCorr    +         Harm     .   (no gloves)
MR       .....                  (no boots)
Stlth    ..........             (no amulet)
HPRegen  0.16/turn              (no ring)
MPRegen  0.09/turn              (no ring)

@: mighty, resistant
A: no striking features
a: no special abilities


You were on level 3 of the Dungeon.
You were hungry.

You visited 1 branch of the dungeon, and saw 3 of its levels.

You collected 104 gold pieces.

Inventory:

Hand Weapons
 a - a +0 war axe (weapon)
Armour
 b - a +0 scale mail (worn)
 c - a +0 kite shield (worn)
 n - a +0 cloak (worn)
Jewellery
 k - a +5 ring of dexterity {unknown}
 p - an uncursed amulet of harm {unknown}
Wands
 q - a wand of acid (10)
Scrolls
 g - a scroll of blinking {unknown}
 i - a scroll of magic mapping {unknown}
 j - 5 scrolls of identify {unknown}
 m - a scroll of enchant weapon {unknown}
 o - a scroll of fog {unknown}
Potions
 e - 2 potions of haste
 l - a potion of degeneration
Comestibles
 f - 4 rations


   Skills:
 + Level 5.2 Fighting
 * Level 6.6 Axes
 - Level 3.2 Armour
 - Level 3.2 Shields


You had 4 spell levels left.
You didn't know any spells.
Your spell library was empty.

Dungeon Overview and Level Annotations

Branches:
Dungeon (3/15)

Altars:
Dithmenos
Makhleb
Nemelex Xobeh
The Shining One

Annotations:
D:3 Grinder


Message History

You completely miss the adder. The adder bites you.
* * * LOW HITPOINT WARNING * * *
You closely miss the adder. You block the adder's attack.
You feel very mighty all of a sudden.
Your extra speed is starting to run out.
The adder bites you but does no damage.
You closely miss the adder. The adder bites you but does no damage.
You closely miss the adder. The adder closely misses you.
You miss the adder. The adder bites you but does no damage.
The adder barely misses you.
You barely miss the adder. The adder bites you.
* * * LOW HITPOINT WARNING * * *
You miss the adder. The adder bites you but does no damage.
Your shield and scale mail prevent you from hitting the adder.
You feel yourself slow down. The adder bites you but does no damage.
You barely miss the adder. You hit the goblin.
You kill the goblin!
Grinder blinks!
The adder bites you.
You die...

#..#####............).<.#
..## #................#
.########..............##
..#.....##.....##.....##
..#.....###############
........#.......#
........#.......#
.##.....#.....>.######
.##......§...).S@....#
.##............†.....#
.....................#
................######
.##........###.##
.###..###......#
.....###.....###
..###......###
...........#


You could see an adder.

Vanquished Creatures
  Crazy Yiuf (D:2)
  An orc priest (D:3)
  A hound (D:2)
  An orc wizard (D:2)
  4 adders
  An ooze (D:2)
  2 worms
  3 dart slugs (D:1)
  A leopard gecko (D:3)
  3 orcs (D:2)
  3 giant cockroaches
  8 goblins
  6 hobgoblins
  3 bats
  5 frilled lizards
  4 kobolds
  5 rats
52 creatures vanquished.

Notes
Turn   | Place    | Note
-------+----------+-------------------------------------------
     0 | D:1      | kae the Hill Orc Fighter began the quest for the Orb.
     0 | D:1      | Reached XP level 1. HP: 19/19 MP: 1/1
    91 | D:1      | Reached skill level 3 in Axes
   209 | D:1      | Reached XP level 2. HP: 26/27 MP: 2/2
   485 | D:1      | Reached skill level 4 in Axes
   490 | D:1      | Reached XP level 3. HP: 29/33 MP: 3/3
  1298 | D:2      | Reached XP level 4. HP: 35/41 MP: 4/4
  1356 | D:2      | Found a runed translucent door.
  1357 | D:2      | Noticed Crazy Yiuf
  1437 | D:2      | Found a sparkling altar of Nemelex Xobeh.
  1444 | D:2      | Found a glowing golden altar of the Shining One.
  1447 | D:2      | Found a shadowy altar of Dithmenos.
  1517 | D:2      | Reached skill level 5 in Axes
  1564 | D:2      | Found a burning altar of Makhleb.
  1769 | D:2      | Killed Crazy Yiuf
  1769 | D:2      | Reached XP level 5. HP: 42/47 MP: 5/5
  2009 | D:2      | Reached skill level 5 in Fighting
  2009 | D:2      | Reached skill level 6 in Axes
  2581 | D:3      | Noticed Grinder
  2640 | D:3      | HP: 2/48 [adder (3)]
  2646 | D:3      | HP: 1/48 [adder (2)]
  2649 | D:3      | Slain by an adder

Levels and vault maps discovered:
D:1:      saegor_arrival_simple_c, layout_loops_corners, minmay_misc_feat_room
D:2:      layout_basic, minitemple, makhleb_heckhound_becter,
          uniq_crazy_yiuf_cottage
D:3:      layout_rooms, uniq_grinder

Skill      XL: |  1  2  3  4  5 |
---------------+----------------+-----
Axes           | 3 4 5 6 |  6.6
Fighting       | 4 5 |  5.2
Armour         | |  3.2
Shields        | |  3.2

Action                   |  1- 3 |  4- 6 || total
-------------------------+-------+-------++-------
Melee: War axe           |   104 |   120 ||   224
  Use: Potion            |       |     4 ||     4
  Eat: Chunk             |     1 |     4 ||     5
Armor: Scale mail        |    43 |    62 ||   105
Dodge: Dodged            |    24 |    27 ||    51
Block: Kite shield       |    49 |    39 ||    88

Table legend:
 A = Non-vault XP
 B = Vault XP
 C = Vault XP percentage of total XP
 D = Non-vault monster count
 E = Vault monster count
 F = Vault count percentage of total count
                 A         B        C        D         E       F
            +---------+---------+-------+---------+---------+-------
      Total |     222 |      82 |  27.0 |      50 |       2 |   3.8
            +---------+---------+-------+---------+---------+-------
        D:1 |      36 |       0 |   0.0 |      20 |       0 |   0.0
        D:2 |     118 |      82 |  41.0 |      23 |       2 |   8.0
        D:3 |      68 |       0 |   0.0 |       7 |       0 |   0.0
            +---------+---------+-------+---------+---------+-------
